%YAML 1.1
%TAG !u! tag:unity3d.com,2011:
--- !u!1 &5294912366729583818
GameObject:
  m_ObjectHideFlags: 0
  m_CorrespondingSourceObject: {fileID: 0}
  m_PrefabInstance: {fileID: 0}
  m_PrefabAsset: {fileID: 0}
  serializedVersion: 6
  m_Component:
  - component: {fileID: 6091907669299645115}
  - component: {fileID: 2196079370927529151}
  - component: {fileID: 348759626584030557}
  m_Layer: 0
  m_Name: zamok_1
  m_TagString: Untagged
  m_Icon: {fileID: 0}
  m_NavMeshLayer: 0
  m_StaticEditorFlags: 0
  m_IsActive: 1
--- !u!4 &6091907669299645115
Transform:
  m_ObjectHideFlags: 0
  m_CorrespondingSourceObject: {fileID: 0}
  m_PrefabInstance: {fileID: 0}
  m_PrefabAsset: {fileID: 0}
  m_GameObject: {fileID: 5294912366729583818}
  m_LocalRotation: {x: -0, y: -0, z: -0, w: 1}
  m_LocalPosition: {x: -0.008713965, y: -0.2992011, z: 0}
  m_LocalScale: {x: 0.7262164, y: 0.7262164, z: 0.87145966}
  m_Children: []
  m_Father: {fileID: 4699636043828287902}
  m_RootOrder: 0
  m_LocalEulerAnglesHint: {x: 0, y: 0, z: 0}
--- !u!212 &2196079370927529151
SpriteRenderer:
  m_ObjectHideFlags: 0
  m_CorrespondingSourceObject: {fileID: 0}
  m_PrefabInstance: {fileID: 0}
  m_PrefabAsset: {fileID: 0}
  m_GameObject: {fileID: 5294912366729583818}
  m_Enabled: 1
  m_CastShadows: 0
  m_ReceiveShadows: 0
  m_DynamicOccludee: 1
  m_MotionVectors: 1
  m_LightProbeUsage: 1
  m_ReflectionProbeUsage: 1
  m_RayTracingMode: 0
  m_RayTraceProcedural: 0
  m_RenderingLayerMask: 1
  m_RendererPriority: 0
  m_Materials:
  - {fileID: 10754, guid: 0000000000000000f000000000000000, type: 0}
  m_StaticBatchInfo:
    firstSubMesh: 0
    subMeshCount: 0
  m_StaticBatchRoot: {fileID: 0}
  m_ProbeAnchor: {fileID: 0}
  m_LightProbeVolumeOverride: {fileID: 0}
  m_ScaleInLightmap: 1
  m_ReceiveGI: 1
  m_PreserveUVs: 0
  m_IgnoreNormalsForChartDetection: 0
  m_ImportantGI: 0
  m_StitchLightmapSeams: 1
  m_SelectedEditorRenderState: 0
  m_MinimumChartSize: 4
  m_AutoUVMaxDistance: 0.5
  m_AutoUVMaxAngle: 89
  m_LightmapParameters: {fileID: 0}
  m_SortingLayerID: 0
  m_SortingLayer: 0
  m_SortingOrder: -13
  m_Sprite: {fileID: -5394206189639370467, guid: 43788dc50c3ae504d9c002228110dc09, type: 3}
  m_Color: {r: 1, g: 1, b: 1, a: 1}
  m_FlipX: 0
  m_FlipY: 0
  m_DrawMode: 0
  m_Size: {x: 1.6, y: 1.66}
  m_AdaptiveModeThreshold: 0.5
  m_SpriteTileMode: 0
  m_WasSpriteAssigned: 1
  m_MaskInteraction: 0
  m_SpriteSortPoint: 0
--- !u!114 &348759626584030557
MonoBehaviour:
  m_ObjectHideFlags: 0
  m_CorrespondingSourceObject: {fileID: 0}
  m_PrefabInstance: {fileID: 0}
  m_PrefabAsset: {fileID: 0}
  m_GameObject: {fileID: 5294912366729583818}
  m_Enabled: 1
  m_EditorHideFlags: 0
  m_Script: {fileID: 11500000, guid: 034bc47afcbf5e141a58d5c20b7808e4, type: 3}
  m_Name: 
  m_EditorClassIdentifier: 
--- !u!1 &8267316447984936752
GameObject:
  m_ObjectHideFlags: 0
  m_CorrespondingSourceObject: {fileID: 0}
  m_PrefabInstance: {fileID: 0}
  m_PrefabAsset: {fileID: 0}
  serializedVersion: 6
  m_Component:
  - component: {fileID: 4699636043828287902}
  - component: {fileID: 1956147369949043875}
  - component: {fileID: 6626490465259569775}
  - component: {fileID: 4890397671044845913}
  - component: {fileID: 7529652027191205747}
  - component: {fileID: 9131723259502545267}
  m_Layer: 0
  m_Name: Door
  m_TagString: LeverArm
  m_Icon: {fileID: 0}
  m_NavMeshLayer: 0
  m_StaticEditorFlags: 0
  m_IsActive: 1
--- !u!4 &4699636043828287902
Transform:
  m_ObjectHideFlags: 0
  m_CorrespondingSourceObject: {fileID: 0}
  m_PrefabInstance: {fileID: 0}
  m_PrefabAsset: {fileID: 0}
  m_GameObject: {fileID: 8267316447984936752}
  m_LocalRotation: {x: -0, y: -0, z: -0, w: 1}
  m_LocalPosition: {x: -4.12, y: -1.45, z: 0}
  m_LocalScale: {x: 0.722925, y: 0.722925, z: 1.204875}
  m_Children:
  - {fileID: 6091907669299645115}
  - {fileID: 3356935195956802179}
  m_Father: {fileID: 0}
  m_RootOrder: 0
  m_LocalEulerAnglesHint: {x: 0, y: 0, z: 0}
--- !u!212 &1956147369949043875
SpriteRenderer:
  m_ObjectHideFlags: 0
  m_CorrespondingSourceObject: {fileID: 0}
  m_PrefabInstance: {fileID: 0}
  m_PrefabAsset: {fileID: 0}
  m_GameObject: {fileID: 8267316447984936752}
  m_Enabled: 1
  m_CastShadows: 0
  m_ReceiveShadows: 0
  m_DynamicOccludee: 1
  m_MotionVectors: 1
  m_LightProbeUsage: 1
  m_ReflectionProbeUsage: 1
  m_RayTracingMode: 0
  m_RayTraceProcedural: 0
  m_RenderingLayerMask: 1
  m_RendererPriority: 0
  m_Materials:
  - {fileID: 10754, guid: 0000000000000000f000000000000000, type: 0}
  m_StaticBatchInfo:
    firstSubMesh: 0
    subMeshCount: 0
  m_StaticBatchRoot: {fileID: 0}
  m_ProbeAnchor: {fileID: 0}
  m_LightProbeVolumeOverride: {fileID: 0}
  m_ScaleInLightmap: 1
  m_ReceiveGI: 1
  m_PreserveUVs: 0
  m_IgnoreNormalsForChartDetection: 0
  m_ImportantGI: 0
  m_StitchLightmapSeams: 1
  m_SelectedEditorRenderState: 0
  m_MinimumChartSize: 4
  m_AutoUVMaxDistance: 0.5
  m_AutoUVMaxAngle: 89
  m_LightmapParameters: {fileID: 0}
  m_SortingLayerID: 0
  m_SortingLayer: 0
  m_SortingOrder: -15
  m_Sprite: {fileID: -9167435580403193990, guid: 9303abb888743a94595cd7e7ffee21b1, type: 3}
  m_Color: {r: 0.7924528, g: 0.7924528, b: 0.7924528, a: 1}
  m_FlipX: 0
  m_FlipY: 0
  m_DrawMode: 0
  m_Size: {x: 1.55, y: 5.06}
  m_AdaptiveModeThreshold: 0.5
  m_SpriteTileMode: 0
  m_WasSpriteAssigned: 1
  m_MaskInteraction: 0
  m_SpriteSortPoint: 0
--- !u!61 &6626490465259569775
BoxCollider2D:
  m_ObjectHideFlags: 0
  m_CorrespondingSourceObject: {fileID: 0}
  m_PrefabInstance: {fileID: 0}
  m_PrefabAsset: {fileID: 0}
  m_GameObject: {fileID: 8267316447984936752}
  m_Enabled: 1
  m_Density: 1
  m_Material: {fileID: 0}
  m_IsTrigger: 0
  m_UsedByEffector: 0
  m_UsedByComposite: 0
  m_Offset: {x: 0, y: 0}
  m_SpriteTilingProperty:
    border: {x: 0, y: 0, z: 0, w: 0}
    pivot: {x: 0.5, y: 0.5}
    oldSize: {x: 1.66, y: 5.13}
    newSize: {x: 1.55, y: 5.06}
    adaptiveTilingThreshold: 0.5
    drawMode: 0
    adaptiveTiling: 0
  m_AutoTiling: 0
  serializedVersion: 2
  m_Size: {x: 1.55, y: 5.06}
  m_EdgeRadius: 0
--- !u!114 &4890397671044845913
MonoBehaviour:
  m_ObjectHideFlags: 0
  m_CorrespondingSourceObject: {fileID: 0}
  m_PrefabInstance: {fileID: 0}
  m_PrefabAsset: {fileID: 0}
  m_GameObject: {fileID: 8267316447984936752}
  m_Enabled: 1
  m_EditorHideFlags: 0
  m_Script: {fileID: 11500000, guid: e5754168b9e702849a706f74ba2c9b39, type: 3}
  m_Name: 
  m_EditorClassIdentifier: 
  inventoryItemRequirement: Key
  inventoryItemToGive: 
  objectsToEnable: []
  objectsToDisable: []
  objectsToEnableOnFinish: []
  objectsToDisableOnFinish: []
  secretRoomsToOpen: []
  secretRoomsToClose: []
  animators: []
  particles:
  - {fileID: 3356935195942672763}
  transformsToRotate: []
  platformsToMove:
  - direction: {x: 0, y: -1, z: 0}
    platform: {fileID: 4699636043828287902}
    distance: 4
    duration: 2.5
  componentsToEnableOnStart: []
  componentsToDisableOnStart: []
  componentsToEnableOnFinish: []
  componentsToDisableOnFinish: []
  timeToShakeCamera: 2
  duration: 2
  index: -2
  steps: 1
  noKeyText: No key item was found in inventory
  isGoToSubLevel: 0
  stackIndex: 0
  levelIndex: 0
  sublevelIndex: 0
  nextEntrance: 0
  isNeedToPressButton: 1
  isNeedToDiasble: 0
  isNeedToShakeCamera: 1
  isDisablePlayer: 0
  isToEnablePlayerOnComplete: 0
  isResetPositionOnStart: 0
  isLevelTransition: 0
--- !u!114 &7529652027191205747
MonoBehaviour:
  m_ObjectHideFlags: 0
  m_CorrespondingSourceObject: {fileID: 0}
  m_PrefabInstance: {fileID: 0}
  m_PrefabAsset: {fileID: 0}
  m_GameObject: {fileID: 8267316447984936752}
  m_Enabled: 0
  m_EditorHideFlags: 0
  m_Script: {fileID: 11500000, guid: 3fe91dc294731a9428c0941ea7579110, type: 3}
  m_Name: 
  m_EditorClassIdentifier: 
  complexMaskingMode: 0
  drawingMode: 1
  outlineLayer: 0
  outlineTargets:
  - IsVisible: 1
    CutoutMask: 8
    edgeDilateAmount: 5
    frontEdgeDilateAmount: 5
    backEdgeDilateAmount: 5
    renderer: {fileID: 1956147369949043875}
    SubmeshIndex: 0
    BoundsMode: 0
    Bounds:
      m_Center: {x: 0, y: 0, z: 0}
      m_Extent: {x: 0.5, y: 0.5, z: 0.5}
    CutoutThreshold: 0.5
    CullMode: 0
    cutoutTextureName: 
    DilateRenderingMode: 0
    cutoutTextureIndex: 0
  - IsVisible: 1
    CutoutMask: 8
    edgeDilateAmount: 5
    frontEdgeDilateAmount: 5
    backEdgeDilateAmount: 5
    renderer: {fileID: 2196079370927529151}
    SubmeshIndex: 0
    BoundsMode: 0
    Bounds:
      m_Center: {x: 0, y: 0, z: 0}
      m_Extent: {x: 0.5, y: 0.5, z: 0.5}
    CutoutThreshold: 0.5
    CullMode: 0
    cutoutTextureName: 
    DilateRenderingMode: 0
    cutoutTextureIndex: 0
  renderStyle: 2
  outlineParameters:
    enabled: 1
    color: {r: 1, g: 0.92156863, b: 0.015686275, a: 1}
    dilateShift: 1
    blurShift: 1
    fillPass:
      shader: {fileID: 0}
      serializedProperties: []
  backParameters:
    enabled: 1
    color: {r: 1, g: 0.03196084, b: 0, a: 1}
    dilateShift: 1
    blurShift: 1
    fillPass:
      shader: {fileID: 0}
      serializedProperties: []
  frontParameters:
    enabled: 1
    color: {r: 1, g: 0.92156863, b: 0.015686275, a: 1}
    dilateShift: 1
    blurShift: 1
    fillPass:
      shader: {fileID: 0}
      serializedProperties: []
--- !u!114 &9131723259502545267
MonoBehaviour:
  m_ObjectHideFlags: 0
  m_CorrespondingSourceObject: {fileID: 0}
  m_PrefabInstance: {fileID: 0}
  m_PrefabAsset: {fileID: 0}
  m_GameObject: {fileID: 8267316447984936752}
  m_Enabled: 1
  m_EditorHideFlags: 0
  m_Script: {fileID: 11500000, guid: 034bc47afcbf5e141a58d5c20b7808e4, type: 3}
  m_Name: 
  m_EditorClassIdentifier: 
--- !u!1001 &3356935195956878581
PrefabInstance:
  m_ObjectHideFlags: 0
  serializedVersion: 2
  m_Modification:
    m_TransformParent: {fileID: 4699636043828287902}
    m_Modifications:
    - target: {fileID: 165672, guid: 146d2ff25be0f824fa285b16b2915ff3, type: 3}
      propertyPath: m_Name
      value: DustDirtyPoofSoft
      objectReference: {fileID: 0}
    - target: {fileID: 165672, guid: 146d2ff25be0f824fa285b16b2915ff3, type: 3}
      propertyPath: m_IsActive
      value: 1
      objectReference: {fileID: 0}
    - target: {fileID: 454262, guid: 146d2ff25be0f824fa285b16b2915ff3, type: 3}
      propertyPath: m_RootOrder
      value: 1
      objectReference: {fileID: 0}
    - target: {fileID: 454262, guid: 146d2ff25be0f824fa285b16b2915ff3, type: 3}
      propertyPath: m_LocalScale.x
      value: 1.3832693
      objectReference: {fileID: 0}
    - target: {fileID: 454262, guid: 146d2ff25be0f824fa285b16b2915ff3, type: 3}
      propertyPath: m_LocalScale.y
      value: 0.82996166
      objectReference: {fileID: 0}
    - target: {fileID: 454262, guid: 146d2ff25be0f824fa285b16b2915ff3, type: 3}
      propertyPath: m_LocalScale.z
      value: 1.3832695
      objectReference: {fileID: 0}
    - target: {fileID: 454262, guid: 146d2ff25be0f824fa285b16b2915ff3, type: 3}
      propertyPath: m_LocalPosition.x
      value: -0.17982517
      objectReference: {fileID: 0}
    - target: {fileID: 454262, guid: 146d2ff25be0f824fa285b16b2915ff3, type: 3}
      propertyPath: m_LocalPosition.y
      value: -1.8535807
      objectReference: {fileID: 0}
    - target: {fileID: 454262, guid: 146d2ff25be0f824fa285b16b2915ff3, type: 3}
      propertyPath: m_LocalPosition.z
      value: 0
      objectReference: {fileID: 0}
    - target: {fileID: 454262, guid: 146d2ff25be0f824fa285b16b2915ff3, type: 3}
      propertyPath: m_LocalRotation.w
      value: 0.7071068
      objectReference: {fileID: 0}
    - target: {fileID: 454262, guid: 146d2ff25be0f824fa285b16b2915ff3, type: 3}
      propertyPath: m_LocalRotation.x
      value: -0.7071068
      objectReference: {fileID: 0}
    - target: {fileID: 454262, guid: 146d2ff25be0f824fa285b16b2915ff3, type: 3}
      propertyPath: m_LocalRotation.y
      value: -0
      objectReference: {fileID: 0}
    - target: {fileID: 454262, guid: 146d2ff25be0f824fa285b16b2915ff3, type: 3}
      propertyPath: m_LocalRotation.z
      value: -0
      objectReference: {fileID: 0}
    - target: {fileID: 454262, guid: 146d2ff25be0f824fa285b16b2915ff3, type: 3}
      propertyPath: m_LocalEulerAnglesHint.x
      value: -90
      objectReference: {fileID: 0}
    - target: {fileID: 454262, guid: 146d2ff25be0f824fa285b16b2915ff3, type: 3}
      propertyPath: m_LocalEulerAnglesHint.y
      value: 0
      objectReference: {fileID: 0}
    - target: {fileID: 454262, guid: 146d2ff25be0f824fa285b16b2915ff3, type: 3}
      propertyPath: m_LocalEulerAnglesHint.z
      value: 0
      objectReference: {fileID: 0}
    - target: {fileID: 19840014, guid: 146d2ff25be0f824fa285b16b2915ff3, type: 3}
      propertyPath: lengthInSec
      value: 1.8
      objectReference: {fileID: 0}
    - target: {fileID: 19840014, guid: 146d2ff25be0f824fa285b16b2915ff3, type: 3}
      propertyPath: playOnAwake
      value: 0
      objectReference: {fileID: 0}
    - target: {fileID: 19875214, guid: 146d2ff25be0f824fa285b16b2915ff3, type: 3}
      propertyPath: lengthInSec
      value: 1.8
      objectReference: {fileID: 0}
    - target: {fileID: 19875214, guid: 146d2ff25be0f824fa285b16b2915ff3, type: 3}
      propertyPath: playOnAwake
      value: 0
      objectReference: {fileID: 0}
    - target: {fileID: 19923122, guid: 146d2ff25be0f824fa285b16b2915ff3, type: 3}
      propertyPath: m_SortingOrder
      value: -11
      objectReference: {fileID: 0}
    - target: {fileID: 19926480, guid: 146d2ff25be0f824fa285b16b2915ff3, type: 3}
      propertyPath: m_SortingOrder
      value: -11
      objectReference: {fileID: 0}
    m_RemovedComponents: []
  m_SourcePrefab: {fileID: 100100000, guid: 146d2ff25be0f824fa285b16b2915ff3, type: 3}
--- !u!4 &3356935195956802179 stripped
Transform:
  m_CorrespondingSourceObject: {fileID: 454262, guid: 146d2ff25be0f824fa285b16b2915ff3, type: 3}
  m_PrefabInstance: {fileID: 3356935195956878581}
  m_PrefabAsset: {fileID: 0}
--- !u!198 &3356935195942672763 stripped
ParticleSystem:
  m_CorrespondingSourceObject: {fileID: 19875214, guid: 146d2ff25be0f824fa285b16b2915ff3, type: 3}
  m_PrefabInstance: {fileID: 3356935195956878581}
  m_PrefabAsset: {fileID: 0}
